 Dungeon Crawl Stone Soup version 0.22-a0-377-g846bec1 (webtiles) character file.

21 JeffiDaFish the Grave Robber (level 2, 0/13 HPs)
             Began as a Spriggan Necromancer on Apr 28, 2018.
             Slain by an adder (1 damage)
             ... on level 2 of the Dungeon.
             The game lasted 00:01:43 (1032 turns).

JeffiDaFish the Grave Robber (Spriggan Necromancer) Turns: 1032, Time: 00:01:44

Health: 0/13       AC:  2    Str:  4    XL:     2   Next: 62%
Magic:  0/7        EV: 18    Int: 16    God:
Gold:   106        SH:  0    Dex: 16    Spells: 7/8 levels left

rFire    x . .     SeeInvis +   b - +1 dagger
rCold    + . .     Gourm    .   (shield restricted)
rNeg     . . .     Faith    .   a - +0 robe
rPois    .         Spirit   .   (helmet restricted)
rElec    .         Reflect  .   (no cloak)
rCorr    .         Harm     .   (gloves unavailable)
MR       .....                  (boots unavailable)
Stlth    ++........             (no amulet)
HPRegen  0.04/turn              e - ring of ice
MPRegen  0.10/turn              (no ring)

@: very slightly contaminated, very quick
A: very small, unfitting armour, see invisible, herbivore, speed 3, slow
metabolism 2
a: no special abilities


You were on level 2 of the Dungeon.
You were not hungry.

You visited 1 branch of the dungeon, and saw 2 of its levels.

You collected 106 gold pieces.

Inventory:

Hand Weapons
 b - a +1 dagger (weapon)
Armour
 a - a +0 robe (worn)
Jewellery
 e - a ring of ice (left hand)
Scrolls
 d - 2 scrolls of identify
 f - a scroll of enchant weapon
Comestibles
 c - 3 rations


   Skills:
 - Level 3.0 Dodging
 - Level 3.0 Stealth
 * Level 3.7 Spellcasting
 + Level 3.8 Necromancy


You had 7 spell levels left.
You knew the following spells:

 Your Spells              Type           Power        Failure   Level  Hunger
a - Pain                  Necr           ###.         3%          1    None


Dungeon Overview and Level Annotations

Branches:
Dungeon (2/15)

Altars:


Innate Abilities, Weirdness & Mutations

You are very small and have problems with some larger weapons.
You are too small for most types of armour.
You have supernaturally acute eyesight. (SInv)
You are a herbivore.
You cover ground extremely quickly.
You need to consume almost no food.


Message History

Aiming: Pain (safe; 3% risk of failure)
Press: ? - help, Shift-Dir - straight line, f/p - adder
Aim: an adder (lightly wounded, chance to defeat MR: 80%)
You miscast Pain.
You are very lightly contaminated with residual magic.
Nothing appears to happen.
The adder misses you. The bat closely misses you.
Casting: Pain (safe; 3% risk of failure)
Confirm with . or Enter, or press ? or * to list all spells.
Aiming: Pain (safe; 3% risk of failure)
Press: ? - help, Shift-Dir - straight line, f/p - adder
Aim: an adder (lightly wounded, chance to defeat MR: 80%)
The adder writhes in agony!
The bat hits you but does no damage. The adder closely misses you.
Casting: Pain (safe; 3% risk of failure)
Confirm with . or Enter, or press ? or * to list all spells.
Aiming: Pain (safe; 3% risk of failure)
Press: ? - help, Shift-Dir - straight line, f/p - adder
Aim: an adder (severely wounded, chance to defeat MR: 80%)
The adder barely resists.
The adder bites you.
You die...

#.# #.# # ###.# ##.##
##. #...# ##...###
...##...#########.......
##........(††..(.....##.
..........#)#######.###.
###..$..##.# #.....
##..### #.. ........
#S@.# ###########
#...##.# #.)#b #.#
....##) ## #.## .. . ..
.#. ...


You could see an adder and a bat.

Vanquished Creatures
  A leopard gecko (D:1)
  3 goblins (D:2)
  4 hobgoblins
  3 kobolds
  2 bats
  3 frilled lizards
  2 rats (D:1)
18 creatures vanquished.

Notes
Turn   | Place    | Note
-------+----------+-------------------------------------------
     0 | D:1      | JeffiDaFish the Spriggan Necromancer began the quest for the Orb.
     0 | D:1      | Reached XP level 1. HP: 9/9 MP: 5/5
   531 | D:1      | Reached XP level 2. HP: 11/13 MP: 4/7
  1032 | D:2      | Slain by an adder

Vault maps used:
D:1:      wheals_arrival_shading
D:2:      minmay_box_of_dots

Skill      XL: |  1 |
---------------+----+-----
Spellcasting   | 3 |  3.7
Dodging        | |  3.0
Stealth        | |  3.0
Necromancy     | |  3.8

Action                   || total
-------------------------++-------
Melee: Dagger            ||    12
 Cast: Pain              ||    24
  Use: Scroll            ||     5
       Potion            ||     1
 Stab: Sleeping          ||     2
Armor: Robe              ||     2
Dodge: Dodged            ||    15

Table legend:
 A = Spawn XP
 B = Non-spawn XP
 C = Spawn XP percentage of total XP
 D = Spawn monster count
 E = Non-spawn monster count
 F = Spawn count percentage of total count
 G = Total turns spent on level
                    A         B        C        D         E        F      G
               +---------+---------+-------+---------+---------+-------+---------
         Total |       0 |      30 |   0.0 |       0 |      18 |   0.0 |  1032
               +---------+---------+-------+---------+---------+-------+---------
           D:1 |       0 |      16 |   0.0 |       0 |      10 |   0.0 |   802
           D:2 |       0 |      14 |   0.0 |       0 |       8 |   0.0 |   230
               +---------+---------+-------+---------+---------+-------+---------
